 Dungeon Crawl Stone Soup version 0.28-a0-69-g49dcd67cf8 (webtiles) character file.

Game seed: 18248642087776857813

82 ICC the Magician (level 4, -10/23 HPs)
             Began as a Vine Stalker Fighter on July 31, 2021.
             Mangled by an ogre (19 damage)
             ... on level 4 of the Dungeon.
             The game lasted 00:03:49 (778 turns).

ICC the Magician (Vine Stalker Fighter)              Turns: 778, Time: 00:03:50

Health: -10/23     AC:  7    Str: 19    XL:     4   Next: 43%
Magic:  0/10       EV:  9    Int: 15    God:
Gold:   61         SH:  0    Dex: 13    Spells: 10/10 levels left

rFire   . . .      SeeInvis .   a - +0 rapier
rCold   . . .      Faith    .   (no shield)
rNeg    . . .      Spirit   +   b - +0 scale mail
rPois   .          Reflect  .   (no helmet)
rElec   .          Harm     .   (no cloak)
rCorr   .          Rampage  .   (no gloves)
Will    .....                   f - +0 pair of boots
Stlth   ..........              (no amulet)
HPRegen 1.07/turn               k - +6 ring of intelligence
MPRegen 0.12/turn               (no ring)

@: no status effects
A: fangs 2, regeneration 1, magic shield, antimagic bite, no potion heal 2
a: no special abilities


You were on level 4 of the Dungeon.
You visited 1 branch of the dungeon, and saw 3 of its levels.

You collected 61 gold pieces.

Inventory:

Hand Weapons
 a - a +0 rapier (weapon)
Armour
 b - a +0 scale mail (worn)
 f - a +0 pair of boots (worn)
Jewellery
 k - a +6 ring of intelligence (left hand)
Wands
 j - a wand of flame (2)
Scrolls
 c - a scroll of enchant weapon {unknown}
 h - 3 scrolls of identify {unknown}
 i - a scroll of enchant armour {unknown}
Potions
 d - a potion of might
 e - a potion of magic {unknown}
 g - a potion of heal wounds {unknown}


   Skills:
 - Level 2.6 Fighting
 - Level 1.7 Short Blades
 - Level 2.4 Armour
 - Level 2.6 Shields
 + Level 3.9 Spellcasting


You had 10 spell levels left.
You didn't know any spells.
Your spell library contained the following spells:

 Spells                   Type           Power      Damage    Failure   Level
 Inner Flame              Hex/Fire       2%         N/A       86%         3
 Ozocubu's Armour         Ice            2%         N/A       86%         3
 Cause Fear               Hex            1%         N/A       99%         4
 Metabolic Englaciation   Hex/Ice        1%         N/A       100%        5
 Simulacrum               Ice/Necr       1%         N/A       100%        6
 Discord                  Hex            1%         N/A       100%        8


Dungeon Overview and Level Annotations

Branches:
Dungeon (2/15)

Altars:

Shops:
D:2 :


Innate Abilities, Weirdness & Mutations

You have extremely sharp teeth.
Your natural rate of healing is unusually fast.
When hurt, damage is shared between your health and your magic reserves.
Your bite disrupts and absorbs the magic of your enemies.
Potions cannot restore your health.


Message History

Found a stone staircase leading up.
A hobgoblin comes into view.
The gnoll shouts!
The gnoll drinks a potion.
The gnoll seems to grow stronger.
You fall into a shaft and drop 2 floors!
The shaft crumbles and collapses.
An ogre comes into view. It is wielding a +0 giant club.
The ogre shouts!
Found a robe.
Okay, then.
Aiming: Throw Flame
Press: ? - help, Shift-Dir - straight line, f - ogre
Aim: an ogre, wielding a +0 giant club (85% to hit)
The puff of flame hits the ogre.
The ogre is lightly wounded.
You puncture the ogre! Your bite misses the ogre.
The ogre is heavily wounded.
The ogre hits you with a +0 giant club!
You are too injured to fight recklessly!
You are too injured to fight recklessly!
You are too injured to fight recklessly!
You are too injured to fight recklessly!
You are too injured to fight recklessly!
You are too injured to fight recklessly!
You are too injured to fight recklessly!
You are too injured to fight recklessly!
You are too injured to fight recklessly!
You are too injured to fight recklessly!
You are too injured to fight recklessly!
You are too injured to fight recklessly!
You hit the ogre. You bite the ogre. You drain its power.
You feel invigorated.
The ogre is severely wounded.
The ogre hits you with a +0 giant club!
A kobold comes into view. It is wielding a +0 short sword.
The kobold shouts!
You hit the ogre.
The ogre is almost dead.
The ogre hits you with a +0 giant club!!
Ouch! That really hurt!
You die...

#. #. #. #. # #.
### ..##.#.##.##
.........#.####...
#....@O....K....
#[.####.######## #
#.# #.. ####


You could see an ogre and a kobold.

Vanquished Creatures
  Jessica (D:2)
  A gnoll (D:2)
  2 dart slugs
  7 endoplasms
  2 giant cockroaches (D:1)
  5 goblins
  A hobgoblin (D:1)
  2 jackals (D:2)
  A quokka (D:1)
  3 ball pythons
  5 bats
  3 frilled lizards
  3 kobolds
  4 rats
40 creatures vanquished.

Notes
Turn   | Place    | Note
-------+----------+-------------------------------------------
     0 | D:1      | ICC the Vine Stalker Fighter began the quest for the Orb.
     0 | D:1      | Reached XP level 1. HP: 11/11 MP: 2/2
    64 | D:1      | Reached skill level 1 in Spellcasting
    86 | D:1      | Reached XP level 2. HP: 16/16 MP: 3/5
   141 | D:1      | Reached skill level 2 in Spellcasting
   285 | D:1      | Reached XP level 3. HP: 16/19 MP: 7/7
   428 | D:1      | Found a faded altar of an unknown god.
   540 | D:2      | Reached skill level 3 in Spellcasting
   623 | D:2      | Found Bofur's Book Boutique.
   708 | D:2      | Noticed Jessica
   711 | D:2      | Killed Jessica
   712 | D:2      | Gained mutation: Your natural rate of healing is unusually
                  | fast. [Vine Stalker growth]
   712 | D:2      | Reached XP level 4. HP: 9/23 MP: 6/10
   770 | D:2      | You fall into a shaft and drop 2 floors!
   770 | D:4      | Noticed an ogre
   778 | D:4      | Mangled by an ogre

Illustrated notes

Levels and vault maps discovered:
D:1:      dpeg_arrival_rhombus, layout_rooms,
          hellmonk_ecumenical_altar_leap_of_faith
D:2:      layout_basic, serial_shops, nicolae_diamond_shop,
          minmay_misc_feat_encased, uniq_jessica
D:4:      layout_loops_ring, corexii_shack, minmay_misc_feat_plants,
          kennysheep_doodads, minmay_ruined_shrine, uniq_eustachio,
          uniq_crazy_yiuf_cottage, uniq_sigmund

Skill      XL: |  1  2  3 |
---------------+----------+-----
Spellcasting   | 1 2 3 |  3.9
Fighting       | |  2.6
Short Blades   | |  1.7
Armour         | |  2.4
Shields        | |  2.6

Action                   |  1- 3 |  4- 6 || total
-------------------------+-------+-------++-------
Melee: Rapier            |    87 |     5 ||    92
       Bite              |    19 |     3 ||    22
Evoke: Wand              |       |     1 ||     1
Armor: Scale mail        |    49 |     1 ||    50
Dodge: Dodged            |    32 |     2 ||    34

Table legend: (Time is in decaauts)
 A = Elapsed time spent in this place.
 B = Non-inter-level travel time spent in this place.
 C = Inter-level travel time spent in this place.
 D = Time resting spent in this place.
 E = Time spent auto-exploring this place.
 F = Levels seen in this place.
 G = Mean time per level.
                   A        B        C        D        E       F      G
               +--------+--------+--------+--------+--------+-----+--------+
         Total |    788 |    745 |     43 |      0 |    497 |   3 |  262.7 |
       Dungeon |    788 |    745 |     43 |      0 |    497 |   3 |  262.7 |
               +--------+--------+--------+--------+--------+-----+--------+

Top non-repeatable levels by time:
     D:1: 491 daAuts
     D:2: 288 daAuts
     D:4: 8 daAuts
